AoeStats
← BN27

Hideout

508407088Analyzed
1v1 RM · 11d ago on Sep 22, 2026· 53m 20s· 2 players
Game mode
Random Map
Map size
Tiny (2 player)
Population
200
Speed
Normal
Resources
Standard
Victory
Conquest
Starting age
Dark Age
Ending age
Imperial Age
RankedLock teamsTeams togetherTeam positionsShared explorationLock speedFull tech treeHidden civsTurbo modeCheats
Victory
Defeat
🇩🇪 Slavs · Germany
1708
+20
🇪🇸 Malians · Spain
1800
-20
BN27
10:30 Feudal Age
10:49 Man-at-Arms
11:14 Horse Collar
11:58 Double-Bit Axe
16:56 Loom
19:17 Castle Age
19:09 Fletching
20:44 Bodkin Arrow
21:16 Padded Archer Armor
24:11 Horse Collar
27:58 Gold Mining
32:42 Imperial Age
30:29 Heavy Plow
31:20 Scale Barding Armor
33:16 Wheelbarrow
34:50 Conscription
35:41 Chain Barding Armor
37:39 Gold Shaft Mining
37:57 Bow Saw
38:18 Stone Mining
38:35 Detinets
39:18 Plate Barding Armor
41:04 Two-Man Saw
40:36 Crop Rotation
41:02 Hoardings
40:47 Elite Boyar
41:52 Forging
43:11 Iron Casting
42:09 Pikeman
42:49 Squires
43:14 Scale Mail Armor
43:30 Halberdier
44:22 Town Watch
45:41 Blast Furnace
44:42 Scale Mail Armor
44:32 Long Swordsman
46:07 Two-Handed Swordsman
47:21 Druzhina
46:52 Elite Skirmisher
47:52 Hand Cart
47:38 Town Patrol
47:55 Chain Mail Armor
47:26 Champion
48:55 Devotion
51:30 Chemistry
50:35 Siege Engineers
50:51 Ballistics
50:22 Guard Tower
53:06 Hoardings
jaumecr25
5:45 Loom
8:49 Feudal Age
9:41 Double-Bit Axe
12:00 Man-at-Arms
23:17 Castle Age
22:43 Fletching
22:48 Horse Collar
24:05 Bodkin Arrow
24:59 Bow Saw
27:10 Crossbowman
31:13 Wheelbarrow
36:10 Imperial Age
34:08 Forging
34:14 Arson
35:11 Masonry
35:37 Scale Mail Armor
38:04 Chemistry
37:15 Scale Barding Armor
37:46 Iron Casting
38:09 Bloodlines
38:02 Husbandry
37:34 Heavy Camel Rider
39:02 Chain Barding Armor
40:59 Plate Barding Armor
42:22 Architecture
45:24 Light Cavalry
46:54 Farimba
52:43 Squires
52:04 Long Swordsman
53:00 Chain Mail Armor
52:51 Two-Handed Swordsman
Connection lost

Rejoining the realm…

Still unreachable

The connection could not be restored.

Session expired

The server has moved on; the page needs a fresh start.